 Dungeon Crawl Stone Soup version 0.29-a0-521-g59ce8b2d47 (webtiles) character file.

Game seed: 17975131023630517234

24706 Nedwor the Warrior (level 12, -17/121 HPs)
             Began as a Minotaur Fighter on June 1, 2022.
             Was a High Priest of the Shining One.
             Demolished by an orc knight
             ... wielding a +2 bardiche
              (28 damage)
             ... on level 2 of the Orcish Mines.
             The game lasted 00:42:02 (20589 turns).

Nedwor the Warrior (Minotaur Fighter)              Turns: 20589, Time: 00:42:03

Health: -17/121    AC: 16    Str: 35    XL:     12   Next: 83%
Magic:  12/12      EV:  9    Int:  5    God:    the Shining One [*****.]
Gold:   937        SH:  7    Dex: 10    Spells: 11/11 levels left

rFire   + . .      SeeInvis +   a - +1 flail
rCold   . . .      Faith    .   c - +0 buckler
rNeg    + + .      Spirit   .   b - +1 chain mail {rF+}
rPois   .          Reflect  .   (helmet restricted)
rElec   .          Harm     .   p - +0 cloak
rCorr   .          Rampage  .   H - +0 pair of gloves
Will    +....                   F - +1 pair of boots of the Modern Hot Ocelot {Will+ Str+3 Stlth+}
Stlth   ..........              w - amulet of the acrobat
HPRegen 0.30/turn               C - ring of see invisible
MPRegen 0.13/turn               j - +6 ring of strength

@: glowing
A: horns 2, retaliatory headbutt
a: Renounce Religion, Divine Shield, Cleansing Flame, Summon Divine Warrior


You were on level 2 of the Orcish Mines.
You worshipped the Shining One.
The Shining One was extremely pleased with you.
You visited 3 branches of the dungeon, and saw 15 of its levels.

You collected 1321 gold pieces.
You spent 384 gold pieces at shops.

Inventory:

Hand Weapons
 a - a +1 flail (weapon)
 y - a +4 whip
Missiles
 r - 2 throwing nets
Armour
 b - a +1 chain mail of fire resistance (worn)
 c - a +0 buckler (worn)
 p - a +0 cloak (worn)
 F - the +1 pair of boots of the Modern Hot Ocelot (worn) {Will+ Str+3 Stlth+}
   (You found it on level 12 of the Dungeon)

   Str:       It affects your strength (+3).
   Will:      It increases your willpower.
   Stlth:     It makes you more stealthy.
 H - a +0 pair of gloves (worn)
Magical Staves
 n - a staff of cold
Jewellery
 e - a ring of magical power
 f - a ring of fire
 j - a +6 ring of strength (right hand)
 w - an amulet of the acrobat (around neck)
 C - a ring of see invisible (left hand)
 I - a +6 ring of intelligence
Wands
 l - a wand of charming (3)
 u - a wand of digging (8)
 B - a wand of paralysis (12)
 E - a wand of flame (26)
Scrolls
 h - 10 scrolls of teleportation
 k - a scroll of amnesia
 q - a scroll of fog
 t - a scroll of enchant weapon
 x - 2 scrolls of magic mapping
Potions
 d - a potion of haste {unknown}
 m - a potion of magic
 o - a potion of degeneration {unknown}
 v - a potion of cancellation {unknown}
 A - a potion of ambrosia {unknown}
 J - a potion of flight {unknown}
 K - a potion of lignification {unknown}


   Skills:
 + Level 15.3 Fighting
 - Level 14.0 Maces & Flails
 + Level 7.2 Armour
 + Level 15.1 Shields
 + Level 1.8 Invocations


You had 11 spell levels left.
You didn't know any spells.
Your spell library contained the following spells:

 Spells                   Type           Power      Damage    Failure   Level
 Sandblast                Erth           0%         2d4       91%         1
 Shock                    Conj/Air       0%         1d3       91%         1
 Passwall                 Tmut/Erth      0%         N/A       97%         2
 Static Discharge         Conj/Air       0%         N/A       97%         2
 Call Canine Familiar     Summ           0%         N/A       100%        3
 Portal Projectile        Hex/Tloc       0%         N/A       100%        3
 Stone Arrow              Conj/Erth      0%         3d7       100%        3
 Swiftness                Air            0%         N/A       100%        3
 Airstrike                Air            0%         N/A       100%        4
 Leda's Liquefaction      Hex/Erth       0%         N/A       100%        4
 Lightning Bolt           Conj/Air       0%         1d11      100%        5
 Maxwell's Capacitive Co  Air            0%         ∞         100%        8


Dungeon Overview and Level Annotations

Branches:
Dungeon (12/15)            Temple (1/1) D:7            Lair (0/6) D:10
    Orc (2/2) D:12            Elf (0/3) Orc:2

Altars:
Ashenzari
Cheibriados
Fedhas
Gozag
Kikubaaqudgha
Makhleb
Nemelex Xobeh
Qazlal
Ru
Sif Muna
Trog
Uskayaw
Vehumet
Yredelemnul
Zin
The Shining One
Beogh

Shops:
D:1 :   D:7 [

Portals:
Trove: D:10 (give 12 potions of heal wounds)

Annotations:
D:5 3 runed translucent doors, Sat's ghost, novice DsNe


Innate Abilities, Weirdness & Mutations

You have a pair of horns on your head.
You reflexively headbutt those who attack you in melee.


Message History

The neqoxec disappears in a puff of smoke!
Your Armour skill increases to level 7!
You closely miss the orc sorcerer. You headbutt the orc sorcerer!!
The orc sorcerer is heavily wounded.
The orc sorcerer hits you but does no damage.
The orc knight hits you from afar with a +2 bardiche!
You completely miss the orc sorcerer.
The orc sorcerer is heavily wounded.
The orc sorcerer hits you with a +0 dagger.
You block the orc knight's attack.
You thump the orc sorcerer!
The orc sorcerer is almost dead.
The orc sorcerer hits you with a +0 dagger.
The orc knight roars a battlecry!
The orc sorcerer goes into a battle-frenzy!
Unknown command.
You hit the orc sorcerer.
You kill the orc sorcerer!
The Shining One accepts your kill. The orc knight completely misses you.
You thump the orc knight!
The orc knight is lightly wounded.
You block the orc knight's attack.
You sock the orc knight! You headbutt the orc knight.
The orc knight is heavily wounded.
The orc knight hits you with a +2 bardiche!!
* * * LOW HITPOINT WARNING * * *
You hit the orc knight but do no damage.
The orc knight is heavily wounded.
You hit the orc knight.
The orc knight is heavily wounded.
The orc knight hits you with a +2 bardiche!
* * * LOW HITPOINT WARNING * * *
You completely miss the orc knight.
The orc knight is heavily wounded.
You block the orc knight's attack.
You barely miss the orc knight.
The orc knight is heavily wounded.
The orc knight hits you with a +2 bardiche!!
You die...

..))......)..# ......###......
...##.##^....# ......##.......
...######.)..# .°....###......
....# #.)).# o.....# #......
##.## #.)).## ......# ##.##.. ###
##....# .....# ##...##.
##..)####....####.#.####
###.)..##o....#..)...###. ###
##.##...)@...###.......##. #.##
##...##..))..##........###. ...#
#....###...###........####. ..##
##...#.######..........##..
########....#...###.....#.....#..
# ##.##.#......#.#.........#.##._
###...<..##...................#..
#.#.....###...................#..
........###...................##.


You could see an orc knight.

Vanquished Creatures
  A hydra (D:12)
  A boulder beetle (D:12)
  3 two-headed ogres
  Urug (Orc:1)
  5 orc high priests (Orc:2)
  3 orc sorcerers (Orc:2)
  4 orc knights
  A cyclops (D:12)
  A manticore (D:11)
  2 gargoyles
  A komodo dragon (D:11)
  A kobold demonologist (D:12)
  6 trolls
  A shadow (D:12)
  2 wraiths (D:12)
  3 wyverns (D:10)
  21 yaks
  3 steam dragons
  Grum (D:8)
  Menkaure (D:5)
  An acid dragon (D:9)
  5 water moccasins
  Duvessa (D:7)
  An ice beast (D:5)
  A sky beast (D:6)
  2 black bears (D:7)
  18 orc warriors
  8 ogres
  3 wolves
  4 centaurs
  2 phantoms (D:12)
  2 kobold brigands (D:7)
  4 bullfrogs
  A necrophage (D:6)
  2 scorpions
  A wyvern zombie (D:5)
  4 wights (D:8)
  Dowan (D:7)
  3 troll zombies (D:12)
  13 killer bees (D:7)
  6 howler monkeys
  A bullfrog zombie (D:5)
  4 jellies
  2 hounds
  13 orc priests
  Crazy Yiuf (D:2)
  2 gnoll shamans
  5 iguanas
  Terence (D:2)
  16 orc wizards
  5 ogre zombies (D:12)
  4 centaur simulacra (D:8)
  7 gnolls
  6 adders
  2 white imps
  An ufetubus (D:8)
  A worm (D:3)
  A dart slug (D:5)
  62 orcs
  4 ball pythons
  4 bats
  12 endoplasms
  3 giant cockroaches
  11 goblins
  2 hobgoblins
  4 jackals (D:3)
  18 kobolds
  4 quokkas
  2 frilled lizards
  A goblin skeleton (D:12)
  7 goblin zombies (D:12)
  2 hobgoblin zombies (D:12)
  4 orc skeletons (D:12)
  11 orc zombies (D:12)
  10 rats
378 creatures vanquished.

Vanquished Creatures (collateral kills)
  An orc warrior (Orc:2)
  An orc priest (Orc:2)
  An orc wizard (Orc:2)
3 creatures vanquished.

Vanquished Creatures (others)
  A water moccasin (D:7)
  2 orc priests (Orc:2)
  An orc wizard (Orc:2)
  A bush (D:10)
  5 fungi (D:10)
  29 plants (D:10)
39 creatures vanquished.

Grand Total: 420 creatures vanquished

Notes
Turn   | Place    | Note
-------+----------+-------------------------------------------
     0 | D:1      | Nedwor the Minotaur Fighter began the quest for the Orb.
     0 | D:1      | Reached XP level 1. HP: 19/19 MP: 0/0
    49 | D:1      | Found Pusoninu's Book Boutique.
   304 | D:1      | Reached XP level 2. HP: 27/27 MP: 1/1
   395 | D:1      | Found a faded altar of an unknown god.
  1098 | D:2      | Found a sacrificial altar of Ru.
  1107 | D:2      | Reached XP level 3. HP: 28/33 MP: 2/2
  1345 | D:2      | Noticed Terence
  1354 | D:2      | Killed Terence
  1360 | D:2      | Reached XP level 4. HP: 32/41 MP: 3/3
  1942 | D:2      | Found a runed translucent door.
  1943 | D:2      | Noticed Crazy Yiuf
  1948 | D:2      | Killed Crazy Yiuf
  1949 | D:2      | Reached XP level 5. HP: 39/47 MP: 4/4
  2278 | D:3      | Reached skill level 5 in Maces & Flails
  3132 | D:4      | Reached skill level 5 in Fighting
  3132 | D:4      | Reached skill level 5 in Shields
  3499 | D:4      | Reached XP level 6. HP: 49/56 MP: 5/5
  3910 | D:4      | HP: 2/56 [ogre/+0 giant club (6)]
  4321 | D:5      | Entered Level 5 of the Dungeon
  4681 | D:5      | Reached XP level 7. HP: 39/62 MP: 6/6
  5003 | D:5      | Noticed Menkaure
  5018 | D:5      | HP: 3/63 [Menkaure (10)]
  5019 | D:5      | Killed Menkaure
  5514 | D:5      | Found a runed translucent gate.
  5514 | D:5      | Found a runed translucent gate.
  5514 | D:5      | Found a runed translucent gate.
  5514 | D:5      | Noticed Sat's ghost (novice DsNe)
  5516 | D:5      | Found a basalt altar of Yredelemnul.
  5735 | D:6      | Reached XP level 8. HP: 70/71 MP: 7/7
  7207 | D:7      | Found a staircase to the Ecumenical Temple.
  7223 | D:7      | Noticed Dowan
  7224 | D:7      | Noticed Duvessa
  7242 | D:7      | Killed Duvessa
  7243 | D:7      | Reached skill level 10 in Maces & Flails
  7247 | D:7      | Killed Dowan
  7367 | D:7      | Found a shimmering blue altar of Sif Muna.
  7401 | Temple   | Entered the Ecumenical Temple
  7472 | Temple   | Became a worshipper of the Shining One
  7582 | D:7      | Found Jeckucw's Antique Armour Shoppe.
  7593 | D:7      | Bought a pair of runed boots for 240 gold pieces
  7765 | D:7      | Found a bloodstained altar of Trog.
  7772 | D:7      | Reached XP level 9. HP: 75/81 MP: 8/8
  8600 | D:7      | HP: 3/82 [wolf (3)]
  8603 | D:7      | HP: 1/82 [poisoned by a killer bee]
  9944 | D:8      | Identified the +10 rapier "Leviticus" {vorpal, rF+}
 10132 | D:8      | Reached * piety under the Shining One
 10616 | D:8      | Noticed Grum
 10633 | D:8      | Killed Grum
 10634 | D:8      | Reached XP level 10. HP: 40/91 MP: 9/9
 11620 | D:7      | Bought a pair of gloves for 144 gold pieces
 11694 | D:9      | Reached ** piety under the Shining One
 11741 | D:9      | Found a blossoming altar of Fedhas.
 12255 | D:10     | Entered Level 10 of the Dungeon
 12324 | D:10     | Noticed a gargoyle
 12335 | D:10     | Killed a gargoyle
 12336 | D:10     | Reached skill level 10 in Shields
 12477 | D:10     | Found a portal to a secret trove of treasure.
 12534 | D:10     | Reached skill level 10 in Fighting
 13046 | D:10     | Found a staircase to the Lair.
 13141 | D:10     | Reached XP level 11. HP: 39/102 MP: 10/10
 14289 | D:11     | Noticed a two-headed ogre
 14300 | D:11     | Killed a two-headed ogre
 14578 | D:11     | Noticed a two-headed ogre
 14587 | D:11     | Killed a two-headed ogre
 14804 | D:12     | Noticed an eight-headed hydra
 14811 | D:12     | Killed an eight-headed hydra
 15181 | D:12     | Reached *** piety under the Shining One
 15341 | D:12     | Noticed a boulder beetle
 15343 | D:12     | Noticed a two-headed ogre
 15352 | D:12     | Killed a two-headed ogre
 15356 | D:12     | Killed a boulder beetle
 16036 | D:12     | Found a staircase to the Orcish Mines.
 16037 | D:12     | Reached **** piety under the Shining One
 16129 | D:12     | Reached ***** piety under the Shining One
 16192 | D:12     | Identified the +1 pair of boots of the Modern Hot Ocelot
                  | {Will+ Str+3 Stlth+}
 16889 | Orc:1    | Entered Level 1 of the Orcish Mines
 16891 | Orc:1    | Noticed an orc knight
 16892 | Orc:1    | Noticed Urug
 16907 | D:12     | Reached XP level 12. HP: 112/116 MP: 11/11
 17377 | Orc:1    | Killed Urug
 17805 | Orc:2    | Entered Level 2 of the Orcish Mines
 18145 | Orc:2    | Found a staircase to the Elven Halls.
 18240 | Orc:2    | Noticed an orc high priest
 18851 | Orc:2    | Noticed an orc high priest
 19010 | Orc:2    | Noticed an orc high priest
 19022 | Orc:2    | Killed an orc high priest
 19023 | Orc:2    | Reached skill level 5 in Armour
 19156 | Orc:2    | Killed an orc high priest
 19566 | Orc:2    | Paralysed by an orc sorcerer for 4 turns
 19615 | Orc:2    | Killed an orc high priest
 19616 | Orc:2    | Reached skill level 15 in Fighting
 19641 | Orc:2    | Noticed an orc high priest
 19651 | Orc:2    | Killed an orc high priest
 19705 | Orc:2    | Noticed an orc high priest
 20254 | Orc:2    | Reached skill level 15 in Shields
 20267 | Orc:2    | Reached skill level 1 in Invocations
 20578 | Orc:2    | Killed an orc high priest
 20589 | Orc:2    | Demolished by an orc knight

Illustrated notes

Levels and vault maps discovered:
D:1:      evilmike_arrival_rings, layout_loops_ring, serial_forest,
          infiniplex_forest_lined_room_, infiniplex_forest_straight_4,
          infiniplex_forest_clump_C, infiniplex_forest_lined_corner,
          infiniplex_forest_lined_2, infiniplex_forest_lined_room_,
          infiniplex_forest_end_2, infiniplex_forest_lined_2, serial_shops,
          shop, hellmonk_ecumenical_altar_lost_god
D:2:      layout_loops_cross, basic_altar, minmay_misc_feat_four_crosses,
          st_stairs_2, minivault_25, uniq_terence, uniq_crazy_yiuf_cottage
D:3:      layout_basic, portal_sewer_entry_a, chequers_serial_rivers_room_b,
          mrwooster_statue_mirror
D:4:      layout_gridville
D:5:      layout_basic, nicolae_yredelemnul_ghost_church, uniq_menkaure
D:6:      layout_cave_pods
D:7:      layout_cave_pods, general_overflow_altar, lightli_temple_of_fire,
          minmay_temple_entry_mini_moons, serial_shops, shop, uniq_duvessa
D:8:      layout_cave_pools, serial_ice, serial_ice_l, serial_ice_m,
          serial_ice_b, serial_ice_c, uniq_grum
D:9:      layout_basic, fedhas_altar_3
D:10:     layout_loops_corners, minmay_lair_entry_grove, enter_bailey_5,
          enter_trove_2, grunt_decor_cap
D:11:     layout_roguey, nicolae_figureground_sparkle
D:12:     layout_basic, zombieorc2_lemuel, nicolae_straight_to_the_point
Temple:   regret_index_temple_mists
Orc:1:    layout_caves, uniq_urug
Orc:2:    grunt_orc_tribal_feast, layout_caves, bh_open_orc_temple

Skill      XL: |  1  2  3  4  5  6  7  8  9 10 11 12 |
---------------+-------------------------------------+-----
Maces & Flails | 3 4 5 6 8 10 12 14 | 14.0
Fighting       | 4 5 6 7 9 11 13 15 | 15.3
Shields        | 4 5 6 8 9 11 13 15 | 15.1
Armour         | 7 |  7.2
Invocations    | 1 |  1.8

Action                   |  1- 3 |  4- 6 |  7- 9 | 10-12 || total
-------------------------+-------+-------+-------+-------++-------
Melee: Flail             |    59 |   137 |   283 |   655 ||  1134
       Headbutt          |     6 |    22 |    61 |   185 ||   274
  Use: Scroll            |       |     4 |     3 |    17 ||    24
       Potion            |       |       |     7 |     6 ||    13
Armor: Scale mail        |    20 |    54 |    19 |       ||    93
       Plate armour      |       |       |   212 |   247 ||   459
       Chain mail        |       |       |    10 |     5 ||    15
Dodge: Dodged            |    22 |    44 |   184 |   283 ||   533
Block: Buckler           |     8 |    25 |   121 |   205 ||   359

Table legend: (Time is in decaauts)
 A = Elapsed time spent in this place.
 B = Non-inter-level travel time spent in this place.
 C = Inter-level travel time spent in this place.
 D = Time resting spent in this place.
 E = Time spent auto-exploring this place.
 F = Levels seen in this place.
 G = Mean time per level.
                   A        B        C        D        E       F      G
               +--------+--------+--------+--------+--------+-----+--------+
         Total |  20512 |  19260 |   1252 |   6177 |   9846 |  15 | 1367.5 |
       Dungeon |  17500 |  16270 |   1230 |   4816 |   9361 |  12 | 1458.3 |
        Temple |    120 |    108 |     12 |      0 |      0 |   1 |  120.0 |
  Orcish Mines |   2891 |   2882 |      9 |   1361 |    485 |   2 | 1445.5 |
               +--------+--------+--------+--------+--------+-----+--------+

Top non-repeatable levels by time:
     D:7: 2826 daAuts
    D:12: 2229 daAuts
   Orc:2: 2127 daAuts
    D:10: 1676 daAuts
     D:6: 1495 daAuts
     D:5: 1418 daAuts
     D:4: 1414 daAuts
     D:8: 1219 daAuts
     D:9: 1159 daAuts
     D:2: 1118 daAuts
     D:1: 1084 daAuts
     D:3: 985 daAuts
    D:11: 872 daAuts
   Orc:1: 764 daAuts
  Temple: 120 daAuts
